 Dungeon Crawl Stone Soup version 0.17-a0-1522-g6c5b4ba (webtiles) character file.

32 mrath the Digger (level 3, 0/26 HPs)
             Began as a Draconian Earth Elementalist on July 14, 2015.
             Succumbed to an adder's poison
             ... on level 2 of the Dungeon.
             The game lasted 00:09:24 (1047 turns).

mrath the Digger (Draconian Earth Elementalist)     Turns: 1047, Time: 00:09:24

Health: 0/26       AC:  5    Str: 10    XL:     3   Next: 8%
Magic:  4/7        EV: 12    Int: 20    God:
Gold:   29         SH:  0    Dex: 11    Spells: 2 memorised, 5 levels left

rFire  . . .     SeeInvis .     d - -1 club (curse)
rCold  . . .     Clarity  .     (armour unavailable)
rNeg   . . .     SustAt   .     (no shield)
rPois  .         Gourm    .     (helmet restricted)
rElec  .         Spirit   .     (no cloak)
rCorr  .         Warding  .     (no gloves)
rMut   .         Stasis   .     (no boots)
MR     .....                    (no amulet)
Stlth  ++........               (no ring)
                                i - +4 ring of intelligence

@: lethally poisoned (0 -> -3), not resistant to hostile enchantments,
unstealthy
A: unfitting armour, cold-blooded, AC +5
a: no special abilities


You were on level 2 of the Dungeon.
You were not hungry.

You visited 1 branch of the dungeon, and saw 2 of its levels.

You collected 29 gold pieces.

Inventory:

Hand weapons
 d - a cursed -1 club (weapon)
 e - a +0 club
 f - a +0 hand axe
 l - a +0 whip
 q - a +2 whip of electrocution
Missiles
 a - 77 stones (quivered)
 j - 24 bolts
 k - 9 arrows
 n - 7 needles of slowing
 o - 8 tomahawks
 p - 16 poisoned needles
Jewellery
 i - a +4 ring of intelligence (left hand)
Potions
 g - a potion of degeneration {unknown}
 h - a potion of ambrosia {unknown}
Books
 b - a book of Geomancy

   Spells                             Type                      Level
   a - Sandblast                      Earth                        1
   b - Stoneskin                      Transmutation/Earth          2
   c - Passwall                       Transmutation/Earth          3
   d - Stone Arrow                    Conjuration/Earth            3
   e - Petrify                        Transmutation/Earth          4
   f - Lee's Rapid Deconstruction     Earth                        5
Comestibles
 c - 2 bread rations
 m - 2 chunks of flesh


   Skills:
 - Level 1.7 Dodging
 - Level 1.7 Stealth
 * Level 3.0 Spellcasting
 - Level 1.0 Transmutations
 + Level 3.4 Earth Magic


You had 5 spell levels left.
You knew the following spells:

 Your Spells              Type           Power        Failure   Level  Hunger
a - Sandblast             Erth           ###...       3%          1    None
b - Stoneskin             Trmt/Erth      ##......     12%         2    ##.....


Dungeon Overview and Level Annotations

Branches:
Dungeon (2/15)

Altars:


Innate Abilities, Weirdness & Mutations

Your plain brown scales are hard (AC +5).
Your body does not fit into most forms of armour.
You are cold-blooded and may be slowed by cold attacks.


Message History

You kill the adder!
Your Spellcasting skill increases to level 3!
You have reached level 3!
Your experience leads to an increase in your attributes!
Your base attributes are Str 10, Int 15, Dex 11.
Increase (S)trength, (I)ntelligence, or (D)exterity?
You feel clever.
Your scales feel tougher.
There is a lethal amount of poison in your body!
There is a lethal amount of poison in your body!
There is a lethal amount of poison in your body!
There is a lethal amount of poison in your body!
There is a lethal amount of poison in your body!
There is a lethal amount of poison in your body!
There is a lethal amount of poison in your body!
* * * LOW HITPOINT WARNING * * *
You feel sick.
There is a stone staircase leading up here.
* * * LOW HITPOINT WARNING * * *
You feel sick.
You die...

### #.. ##.##
######...#####
#.........@..#
#.####...###......
##<## ##.##
#.#######
#..<.....
#.##..... #.# ###.
#.# #.# ##.


There were no monsters in sight!

Vanquished Creatures
  An adder (D:2)
  5 goblins (D:1)
  2 hobgoblins (D:1)
  5 bats (D:1)
  A giant cockroach (D:1)
  2 giant newts (D:1)
  8 rats
24 creatures vanquished.

Notes
Turn   | Place    | Note
--------------------------------------------------------------
     0 | D:1      | mrath the Draconian Earth Elementalist began the quest for the Orb.
     0 | D:1      | Reached XP level 1. HP: 14/14 MP: 3/3
   185 | D:1      | Reached XP level 2. HP: 20/20 MP: 0/5
   254 | D:1      | Learned a level 2 spell: Stoneskin
  1037 | D:2      | Reached XP level 3. HP: 2/26 MP: 3/7
  1039 | D:2      | HP: 1/26 [poisoned by an adder]
  1047 | D:2      | Succumbed to an adder's poison

Vault maps used:
D:1:      dpeg_arrival_ratfight, roderic_serpentine_path
D:2:      nicolae_overflow_hidden_temple, first_bread

Action                   || total
-------------------------++-------
Melee: Club              ||    76
 Cast: Sandblast         ||    14
  Use: Scroll            ||     4
  Eat: Chunk             ||     1
